AoeStats
← El Fantasma de Pancho Villa

Arena

509736207Analyzed
4v4 RM · 4d ago on Sep 27, 2026· 58m 16s· 8 players
Game mode
Random Map
Map size
Large (8 player)
Population
200
Speed
Normal
Resources
Standard
Victory
Conquest
Starting age
Dark Age
Ending age
Imperial Age
RankedLock teamsTeams togetherTeam positionsShared explorationLock speedFull tech treeHidden civsTurbo modeCheats
Victory
Defeat
🇹🇷 Teutons · Türkiye
1333
+17
🇩🇪 Bohemians · Germany
1275
+19
🇲🇽 Britons · Mexico
1270
+19
🇺🇸 Cumans · United States
1152
+23
🇨🇴 Teutons · Colombia
1443
-23
🇨🇴 Saracens · Colombia
1425
-24
🇲🇽 Wei · Mexico
1328
-19
🇺🇸 Cumans · United States
1155
-12
Esta
10:19 Feudal Age
14:00 Castle Age
12:19 Double-Bit Axe
12:26 Horse Collar
20:28 Fervor
20:56 Wheelbarrow
20:07 Loom
25:56 Imperial Age
24:45 Hand Cart
25:38 Chemistry
24:55 Town Watch
24:37 Pikeman
25:17 Squires
26:59 Scale Mail Armor
27:10 Forging
26:22 Halberdier
27:20 Fletching
28:49 Bow Saw
28:40 Heavy Plow
30:34 Chain Mail Armor
30:57 Conscription
31:59 Siege Engineers
32:04 Masonry
33:12 Plate Mail Armor
33:28 Bodkin Arrow
33:19 Houfnice
34:27 Wagenburg Tactics
36:13 Iron Casting
38:50 Blast Furnace
37:51 Bracer
38:14 Ballistics
38:32 Architecture
44:35 Padded Archer Armor
47:30 Murder Holes
47:56 Bombard Tower
50:30 Arrowslits
50:56 Fortified Wall
51:25 Town Patrol
55:24 Leather Archer Armor
MA
11:23 Feudal Age
12:32 Double-Bit Axe
12:28 Horse Collar
15:49 Castle Age
15:08 Wheelbarrow
16:51 Bow Saw
21:08 Heavy Plow
21:06 Gold Mining
21:18 Stone Mining
22:56 Stone Shaft Mining
23:39 Hand Cart
23:29 Town Watch
23:30 Loom
25:39 Forging
29:44 Imperial Age
28:26 Ballistics
28:17 Masonry
28:09 Scale Mail Armor
28:44 Iron Casting
27:32 Pikeman
28:12 Squires
27:58 Arson
29:14 Chain Mail Armor
31:26 Blast Furnace
30:49 Conscription
29:57 Elite Teutonic Knight
30:57 Conscription
31:58 Chemistry
32:06 Siege Engineers
33:12 Two-Man Saw
33:04 Crop Rotation
33:23 Plate Mail Armor
35:26 Fletching
35:54 Onager
36:55 Bodkin Arrow
37:01 Padded Archer Armor
37:25 Siege Onager
38:45 Leather Archer Armor
37:52 Elite Skirmisher
40:11 Ironclad
41:00 Ring Archer Armor
41:13 Caravan
42:42 Crenellations
42:57 Halberdier
46:29 Coinage
46:09 Guilds
53:14 Banking
52:47 Town Patrol
53:51 Scale Barding Armor
55:03 Chain Barding Armor
54:05 Cavalier
54:56 Bloodlines
56:20 Plate Barding Armor
55:07 Paladin
Boywars
5:02 Loom
10:25 Feudal Age
12:38 Double-Bit Axe
19:07 Castle Age
19:02 Fletching
20:46 Bodkin Arrow
20:51 Padded Archer Armor
23:01 Gold Mining
23:38 Crossbowman
24:33 Horse Collar
29:21 Wheelbarrow
29:05 Bow Saw
33:32 Imperial Age
31:26 Ballistics
33:46 Yeomen
33:23 Town Watch
33:46 Arbalester
35:26 Conscription
35:24 Bracer
35:39 Leather Archer Armor
38:48 Chemistry
44:15 Warwolf
48:21 Stone Mining
53:35 Elite Skirmisher
El Fantasma de Pancho Villa
12:41 Feudal Age
13:05 Man-at-Arms
14:39 Scale Mail Armor
23:02 Double-Bit Axe
25:28 Forging
28:31 Fletching
33:31 Castle Age
31:19 Horse Collar
32:47 Wheelbarrow
32:24 Padded Archer Armor
34:19 Bodkin Arrow
34:40 Leather Archer Armor
34:58 Hand Cart
35:38 Iron Casting
35:41 Gold Mining
40:09 Imperial Age
37:40 Loom
38:35 Bow Saw
37:58 Crossbowman
39:27 Murder Holes
39:54 Steppe Husbandry
40:42 Thumb Ring
41:32 Ring Archer Armor
41:45 Parthian Tactics
41:47 Ballistics
43:58 Hoardings
44:40 Chemistry
44:14 Heavy Cavalry Archer
50:21 Pikeman
JAGR | Mazzei10
10:16 Feudal Age
11:33 Double-Bit Axe
11:30 Horse Collar
17:14 Castle Age
15:09 Loom
16:52 Wheelbarrow
19:53 Bow Saw
19:47 Heavy Plow
21:10 Bloodlines
23:39 Scale Barding Armor
25:10 Forging
26:44 Hand Cart
26:14 Town Watch
29:11 Chain Barding Armor
29:27 Iron Casting
34:01 Imperial Age
34:39 Gold Mining
34:17 Elite Steppe Lancer
35:37 Plate Barding Armor
36:17 Blast Furnace
35:20 Cavalier
38:09 Two-Man Saw
37:40 Crop Rotation
37:19 Light Cavalry
39:44 Conscription
39:33 Steppe Husbandry
42:21 Chemistry
41:32 Paladin
41:32 Hussar
47:31 Pikeman
48:12 Squires
47:58 Arson
51:44 Scale Mail Armor
52:09 Halberdier
58:16 Chain Mail Armor
JAGR | DesNoguns
5:36 Loom
8:08 Feudal Age
9:10 Double-Bit Axe
10:05 Horse Collar
12:01 Town Watch
18:51 Wheelbarrow
19:10 Fletching
22:23 Scale Barding Armor
29:33 Castle Age
28:56 Bloodlines
30:35 Bow Saw
32:05 Gold Mining
37:31 Imperial Age
39:32 Chemistry
42:29 Padded Archer Armor
43:08 Scale Barding Armor
45:41 Cavalier
48:08 Chain Barding Armor
49:59 Plate Barding Armor
49:51 Pikeman
50:32 Squires
52:28 Leather Archer Armor
52:41 Forging
54:01 Hand Cart
53:46 Town Patrol
56:44 Iron Casting
Carmelo maradona
10:35 Feudal Age
14:17 Castle Age
13:23 Double-Bit Axe
15:47 Wheelbarrow
21:45 Hand Cart
22:54 Gold Mining
24:14 Horse Collar
25:53 Loom
29:25 Imperial Age
27:39 Town Watch
30:02 Forging
29:54 Padded Archer Armor
29:57 Husbandry
30:35 Conscription
31:18 Iron Casting
30:52 Heavy Plow
30:52 Elite Mameluke
32:53 Leather Archer Armor
34:13 Blast Furnace
35:19 Fletching
35:13 Crossbowman
35:54 Arbalester
37:07 Bodkin Arrow
37:45 Ring Archer Armor
38:58 Bracer
41:52 Ballistics
42:32 Chemistry
43:01 Scale Barding Armor
42:56 Scale Mail Armor
46:08 Chain Barding Armor
45:47 Light Cavalry
46:39 Bloodlines
46:45 Hussar
49:49 Plate Barding Armor
56:20 Town Patrol
JAGR_Soyuncacahuate
12:08 Feudal Age
10:46 Loom
16:10 Castle Age
14:26 Double-Bit Axe
14:45 Horse Collar
15:21 Stone Mining
16:01 Gold Mining
17:20 Wheelbarrow
17:17 Heavy Plow
21:48 Bow Saw
24:37 Forging
24:33 Scale Barding Armor
26:04 Hand Cart
27:03 Gold Shaft Mining
27:04 Stone Shaft Mining
30:21 Imperial Age
28:04 Scale Barding Armor
32:30 Iron Casting
32:16 Chain Barding Armor
32:27 Ming Guang Armor
31:25 Elite Tiger Cavalry
38:40 Fletching
38:44 Elite Skirmisher
39:30 Thumb Ring
39:41 Bodkin Arrow
39:47 Padded Archer Armor
40:46 Bracer
44:16 Bracer
44:16 Padded Archer Armor
47:58 Ballistics
48:39 Chemistry
48:30 Leather Archer Armor
50:44 Ring Archer Armor
51:15 Blast Furnace
Connection lost

Rejoining the realm…

Still unreachable

The connection could not be restored.

Session expired

The server has moved on; the page needs a fresh start.